 Dungeon Crawl Stone Soup version 0.24-a0-284-g9fb9971 (webtiles) character file.

Game seed: 6889617844965385423

3366 MisterFreud the Carver (level 10, -2/68 HPs)
             Began as an Octopode Fighter on May 6, 2019.
             Slain by Harold
             ... wielding a +2 glaive of freezing
              (6 damage)
             ... on level 7 of the Dungeon.
             The game lasted 00:18:23 (7853 turns).

MisterFreud the Carver (Octopode Fighter)           Turns: 7853, Time: 00:18:24

Health: -2/68      AC:  1    Str: 15    XL:     10   Next: 3%
Magic:  0/19       EV: 26    Int: 15    God:
Gold:   448        SH:  9    Dex: 20    Spells: 9/9 levels left

rFire    . . .     SeeInvis .   y - +5 long sword
rCold    . . .     Gourm    .   b - +0 shield
rNeg     . . .     Faith    .   (helmet restricted)
rPois    .         Spirit   +   k - amulet of guardian spirit
rElec    .         Reflect  .   h - ring of magical power
rCorr    .         Harm     .   p - +5 ring of evasion
MR       .....                  s - +4 ring of dexterity
Stlth    ++++......             (no ring)
HPRegen  0.21/turn              (no ring)
MPRegen  0.16/turn              (no ring)
                                (no ring)
                                (no ring)

@: agile, marked
A: almost no armour, stealthy swim, amphibious, 8 rings, constrict 8, camouflage
1, gelatinous body 1
a: no special abilities


You were on level 7 of the Dungeon.
You were not hungry.

You visited 2 branches of the dungeon, and saw 9 of its levels.
You also visited: Sewer.

You collected 448 gold pieces.

Inventory:

Hand Weapons
 y - a +5 long sword (weapon)
Missiles
 e - 171 stones (quivered)
 f - 4 tomahawks
 j - 73 bolts
 l - 141 arrows
 n - 4 throwing nets
 q - 5 steel javelins
 t - 50 sling bullets
Armour
 b - a +0 shield (worn)
Jewellery
 h - a ring of magical power (left tentacle)
 k - an amulet of guardian spirit (around mantle)
 p - a +5 ring of evasion (right tentacle)
 s - a +4 ring of dexterity (on tentacle)
 v - an uncursed amulet of the gourmand
Wands
 c - a wand of digging (4)
 w - a wand of iceblast (6)
 x - a wand of polymorph (5)
Scrolls
 g - 2 scrolls of teleportation
 r - a scroll of remove curse
 u - 2 scrolls of amnesia
Potions
 i - 4 potions of curing
 m - a potion of degeneration {unknown}
 o - a potion of agility
 A - a potion of magic {unknown}
 B - a potion of resistance
 D - a potion of heal wounds {unknown}
Comestibles
 a - 3 chunks of flesh
 d - 14 rations


   Skills:
 - Level 6.1 Fighting
 + Level 11.4 Long Blades
 - Level 6.4 Dodging
 - Level 3.0 Shields


You had 9 spell levels left.
You didn't know any spells.
Your spell library contained the following spells:

 Spells                   Type           Power        Failure   Level  Hunger
 Animate Skeleton         Necr           N/A          77%         1    ##.....
 Pain                     Necr           #...         77%         1    ##.....
 Summon Small Mammal      Summ           #...         77%         1    ##.....
 Call Imp                 Summ           #.......     88%         2    ###....
 Call Canine Familiar     Summ           #.......     98%         3    ####...
 Regeneration             Chrm/Necr      #.........   98%         3    ####...
 Summon Guardian Golem    Hex/Summ       #.......     98%         3    ####...
 Vampiric Draining        Necr           #.........   98%         3    ####...
 Animate Dead             Necr           N/A          100%        4    #####..
 Summon Ice Beast         Ice/Summ       #.......     100%        4    #####..
 Summon Lightning Spire   Summ/Air       #.......     100%        4    #####..


Dungeon Overview and Level Annotations

Branches:
Dungeon (8/15)             Temple (1/1) D:4
   Lair: D:8-11

Altars:
Ashenzari
Dithmenos
Elyvilon
Fedhas
Hepliaklqana
Nemelex Xobeh
Okawaru
Qazlal
Ru
Sif Muna
Trog
Uskayaw
Vehumet
Wu Jian
Xom
Yredelemnul
Zin

Shops:
D:5 (

Annotations:
D:3 2 runed translucent doors, PeterLawrence's ghost, novice MiFi
D:7 Harold


Innate Abilities, Weirdness & Mutations

You cannot wear most types of armour.
You are very stealthy in the water. (Stealth+)
You are amphibious.
You can wear up to eight rings at the same time.
You can use your tentacles to constrict eight enemies at once.
Your skin changes colour to match your surroundings (Stealth+).
Your rubbery body absorbs attacks. (AC +1, EV +1)


Message History

You completely miss Harold. You squeeze Harold!
Harold is severely wounded.
You constrict Harold, but do no damage. You block the centaur zombie's attack.
The centaur zombie misses you.
You hit Harold.
Harold is severely wounded.
You constrict Harold, but do no damage.
Harold hits you with a +2 glaive of freezing!!
Harold freezes you!
* * * LOW HITPOINT WARNING * * *
The centaur zombie completely misses you.
You riposte.
You slice the centaur zombie!!
You destroy the centaur zombie!
You hit Harold but do no damage.
Harold is severely wounded.
You constrict Harold, but do no damage.
Harold hits you with a +2 glaive of freezing!
* * * LOW HITPOINT WARNING * * *
Harold freezes you.
You die...

## #.#####.#######
.# #.##..........#
)###.##.##.#####.#
.....##.##<# #.#
#).........# #.#
[..######### #.#
...# #.#
#..######## #.##
...##.....# #@K#
##### ...##.....#
##@K..... ....
#..##.....#
h...... ....
...##.....#
.##############
...##.....##
##..H...#.....#
#..#.......#
#..S...#....
...#.##.##.#
#'###@.#.@#
........##.###
#r.Z#.l#..#
..#..........#
#(8(#.l...#


You could see Harold, a jackal and 2 kobolds.

Vanquished Creatures
  Joseph (D:7)
  Grinder (D:6)
  A hippogriff (D:4)
  Menkaure (D:5)
  Purgy (Sewer)
  An ice beast (D:5)
  2 orc warriors
  An ogre (D:7)
  A phantom (D:5)
  3 centaurs
  2 bullfrogs
  2 scorpions (D:6)
  9 wights (D:7)
  2 bullfrog zombies (D:7)
  4 crimson imps
  2 centaur zombies
  3 bullfrog skeletons
  2 orc priests (D:5)
  3 hounds
  4 orc wizards
  13 worker ants
  3 gnolls (D:7)
  6 adders
  4 shadow imps
  6 worms
  A dart slug (D:1)
  10 leopard geckos
  24 orcs
  4 giant cockroaches
  8 goblins
  5 hobgoblins
  10 jackals
  15 kobolds
  4 quokkas
  2 ball pythons
  18 bats
  5 frilled lizards
  A jackal zombie (D:7)
  An orc zombie (D:7)
  6 rats
192 creatures vanquished.

Notes
Turn   | Place    | Note
-------+----------+-------------------------------------------
     0 | D:1      | MisterFreud the Octopode Fighter began the quest for the
                  | Orb.
     0 | D:1      | Reached XP level 1. HP: 16/16 MP: 1/1
   166 | D:1      | Reached XP level 2. HP: 20/21 MP: 2/2
   305 | D:1      | Reached skill level 3 in Long Blades
   528 | D:1      | Reached XP level 3. HP: 23/26 MP: 3/3
  1464 | D:2      | Reached skill level 4 in Long Blades
  1470 | D:2      | Reached XP level 4. HP: 17/31 MP: 4/4
  1818 | D:2      | Found a basalt altar of Yredelemnul.
  1935 | D:2      | You fall through a shaft for 2 floors!
  1949 | D:4      | Reached skill level 5 in Long Blades
  1949 | D:4      | Reached XP level 5. HP: 19/36 MP: 5/5
  2302 | D:4      | HP: 2/54 [poisoned by a worker ant]
  2310 | D:4      | HP: 1/54 [poisoned by a worker ant]
  2485 | D:4      | Reached skill level 6 in Long Blades
  2493 | D:4      | Reached XP level 6. HP: 42/42 MP: 6/6
  2523 | D:3      | Found a shimmering altar of Xom.
  3144 | D:3      | Found a runed translucent door.
  3149 | D:3      | Noticed PeterLawrence's ghost (novice MiFi)
  3672 | D:3      | Found a runed translucent door.
  3794 | D:4      | Noticed a hippogriff
  3806 | D:4      | Killed a hippogriff
  3806 | D:4      | Reached skill level 5 in Dodging
  3806 | D:4      | Reached XP level 7. HP: 42/46 MP: 7/7
  3870 | D:4      | Found a blossoming altar of Fedhas.
  4188 | D:4      | Found a staircase to the Ecumenical Temple.
  4196 | Temple   | Entered the Ecumenical Temple
  4719 | D:5      | Entered Level 5 of the Dungeon
  4785 | D:5      | Found a glowing drain.
  4807 | Sewer    | Entered a sewer
  4844 | Sewer    | Noticed Purgy
  4853 | Sewer    | Killed Purgy
  5011 | D:5      | Reached XP level 8. HP: 23/54 MP: 8/8
  5242 | D:5      | You fall through a shaft for 2 floors!
  5242 | D:7      | Noticed Harold
  5242 | D:7      | Noticed a hippogriff
  5422 | D:6      | Reached skill level 7 in Long Blades
  5585 | D:5      | Found Qyfrergh's Weapon Shop.
  5589 | D:5      | Noticed Menkaure
  5594 | D:5      | Killed Menkaure
  5752 | D:5      | Reached skill level 5 in Fighting
  6184 | D:6      | Noticed Grinder
  6194 | D:6      | Killed Grinder
  6194 | D:6      | Reached skill level 8 in Long Blades
  6194 | D:6      | Reached XP level 9. HP: 38/62 MP: 9/9
  6381 | D:6      | Reached skill level 9 in Long Blades
  6834 | D:7      | Noticed Joseph
  6850 | D:7      | Killed Joseph
  7096 | D:7      | Reached skill level 10 in Long Blades
  7688 | D:7      | Reached skill level 11 in Long Blades
  7781 | D:7      | Reached XP level 10. HP: 52/68 MP: 10/10
  7853 | D:7      | Slain by Harold

Levels and vault maps discovered:
D:1:      dpeg_arrival_circle_labyrinth_c, layout_basic
D:2:      minmay_wonky_spiral, layout_basic, st_stairs_5,
          yredelemnul_altar_generic
D:3:      layout_basic, lemuel_crystal_altar, ebering_ghost_sewer_f,
          minmay_box_of_dots
D:4:      layout_basic, nicolae_overflow_hidden_temple, fedhas_altar_1,
          minmay_temple_entry_fiery, first_ration
D:5:      layout_loops_ring, serial_shops,
          nicolae_shop_temple_entry_statues_fountains, gup_sewer_entry_pipe,
          uniq_menkaure
D:6:      layout_basic, uniq_grinder
D:7:      kennysheep_windowed_halls, layout_loops_cross, enter_ossuary_3,
          the_bakery, minmay_misc_feat_diagonals, uniq_harold, uniq_joseph
D:8:      layout_basic, lemuel_mausoleum_altar_kikubaaqudgha,
          gammafunk_temple_overflow_elements, dpeg_oklobed_lair, uniq_pikel
Temple:   eino_temple_water

Skill      XL: |  1  2  3  4  5  6  7  8  9 |
---------------+----------------------------+-----
Long Blades    | 3 4 5 6 8 11 | 11.4
Dodging        | 5 6 |  6.4
Fighting       | 6 |  6.1
Shields        | |  3.0

Action                   |  1- 3 |  4- 6 |  7- 9 | 10-12 || total
-------------------------+-------+-------+-------+-------++-------
Melee: Long sword        |    71 |   108 |   281 |    16 ||   476
       Constrict         |    20 |    25 |    77 |     1 ||   123
       Tentacles         |     7 |    21 |    87 |     7 ||   122
  Use: Scroll            |     3 |     5 |     7 |       ||    15
       Potion            |       |     6 |     3 |     1 ||    10
 Stab: Sleeping          |     3 |     9 |    11 |       ||    23
  Eat: Chunk             |     2 |     7 |    13 |       ||    22
Armor: Skin              |    12 |     8 |    11 |       ||    31
Dodge: Dodged            |    43 |    47 |   163 |    15 ||   268
Block: Shield            |    41 |    39 |   135 |    10 ||   225
       Rpst.: Long sword |    13 |    10 |    47 |     2 ||    72

Table legend:
 A = Non-vault XP
 B = Vault XP
 C = Vault XP percentage of total XP
 D = Non-vault monster count
 E = Vault monster count
 F = Vault count percentage of total count
                 A         B        C        D         E       F
            +---------+---------+-------+---------+---------+-------
      Total |    3736 |    1073 |  22.3 |     164 |      28 |  14.6
            +---------+---------+-------+---------+---------+-------
        D:1 |      52 |       0 |   0.0 |      27 |       0 |   0.0
        D:2 |      69 |      21 |  23.3 |      25 |       7 |  21.9
        D:3 |      41 |       3 |   6.8 |      13 |       3 |  18.8
        D:4 |     636 |       0 |   0.0 |      20 |       0 |   0.0
        D:5 |     499 |     191 |  27.7 |      16 |       8 |  33.3
        D:6 |     967 |     272 |  22.0 |      28 |       1 |   3.4
        D:7 |    1239 |     441 |  26.2 |      27 |       3 |  10.0
        D:8 |     233 |       0 |   0.0 |       8 |       0 |   0.0
      Sewer |       0 |     145 | 100.0 |       0 |       6 | 100.0
            +---------+---------+-------+---------+---------+-------
